[Event "Team 45 45 League T95"]
[Site "Internet Chess Club"]
[Date "2023.02.07"]
[Round "4"]
[White "cyborg86"]
[Black "Goli"]
[Result "1-0"]
[WhiteElo "2268"]
[BlackElo "1814"]
[Opening "Robatsch defense: Pseudo-Austrian attack"]
[ECO "B06"]
[Time "14:09:46"]
[PlyCount "133"]
[TimeControl "2700+45"]

1. e4 g6 2. d4 Bg7 3. Nc3 d6 4. f4 Nf6 5. Nf3 a6 6. Bd3 O-O 7. O-O c5 8. dxc5
dxc5 9. e5 Nd5 10. Nxd5 Qxd5 11. Qe2 Nc6 12. c3 Qd7 13. Be3 b6 14. Rad1 Qc7 15.
h3 e6 16. Ng5 Ne7 17. Ne4 Nf5 18. Bf2 Bb7 19. g4 Ne7 20. Bg3 b5 21. Bc2 Bxe4 22.
Bxe4 Rad8 23. Rxd8 Rxd8 24. Rd1 c4 25. Kg2 Nd5 26. Bxd5 Rxd5 27. Rxd5 exd5 28.
Bf2 Qc6 29. Bd4 Qe6 30. Qf3 f5 31. exf6 Bxf6 32. Bxf6 Qxf6 33. Qxd5+ Kf8 34. Qe5
Qc6+ 35. Kg3 Qh1 36. Qh8+ Ke7 37. Qxh7+ Kd8 38. Qg8+ Kd7 39. Qf7+ Kd8 40. Qf6+
Kd7 41. Kh4 Qh2 42. Qf7+ Kd8 43. Qf8+ Kd7 44. Qg7+ Kd8 45. Qxg6 Qxb2 46. Qd6+
Ke8 47. Qe5+ Kd8 48. f5 b4 49. Qd4+ Ke8 50. Qe4+ Kd8 51. Qd5+ Ke8 52. Qe6+ Kd8
53. Qd6+ Ke8 54. f6 Qf2+ 55. Kh5 Qe3 56. Qxb4 Qe5+ 57. Kg6 Qe4+ 58. Kg7 Qe5 59.
Qe7+ Qxe7+ 60. fxe7 Kxe7 61. h4 Ke6 62. h5 Ke5 63. h6 Ke4 64. h7 Kd3 65. h8=Q
Kxc3 66. Qc8 Kd3 67. Qxa6 {Black resigns} 1-0

[Event "Team 45 45 League T95"]
[Site "Internet Chess Club"]
[Date "2023.02.04"]
[Round "4"]
[White "cysk"]
[Black "julesraider"]
[Result "1-0"]
[WhiteElo "1683"]
[BlackElo "1609"]
[Opening "Caro-Kann: advance variation"]
[ECO "B12"]
[Time "20:30:30"]
[PlyCount "92"]
[TimeControl "2700+45"]

1. e4 c6 2. d4 d5 3. e5 c5 4. Nf3 Bg4 5. c4 e6 6. cxd5 Qxd5 7. Nc3 Qd8 8. Be3
Nc6 9. dxc5 Qxd1+ 10. Rxd1 a6 11. Be2 Nge7 12. O-O Rd8 13. Rxd8+ Nxd8 14. h3
Bxf3 15. Bxf3 Nf5 16. Bg5 Nc6 17. Rd1 Nfd4 18. Bxc6+ Nxc6 19. Ne4 Be7 20. Bxe7
Kxe7 21. f4 f6 22. exf6+ gxf6 23. g3 Rc8 24. a3 a5 25. Kf2 Nd8 26. b4 axb4 27.
axb4 b6 28. cxb6 Rc6 29. Nxf6 Kxf6 30. Rxd8 Rxb6 31. Rd4 e5 32. fxe5+ Kxe5 33.
Rh4 h6 34. Ke3 Rg6 35. g4 Kd5 36. Kd3 Kc6 37. Rh5 Kb6 38. Ke3 Re6+ 39. Kf4 Rf6+
40. Rf5 Rc6 41. Re5 Rf6+ 42. Ke4 Rc6 43. Kd5 Kb5 44. Re6 Rc1 45. Rxh6 Kxb4 46.
Ke5 Kc4 {Black resigns} 1-0

[Event "Team 45 45 League T95"]
[Site "Internet Chess Club"]
[Date "2023.02.03"]
[Round "4"]
[White "jfkingiii"]
[Black "fhunfi"]
[Result "1/2-1/2"]
[WhiteElo "1504"]
[BlackElo "1727"]
[Opening "French: Winawer, advance, poisoned pawn variation"]
[ECO "C18"]
[Time "20:04:28"]
[PlyCount "74"]
[TimeControl "2700+45"]

1. e4 e6 2. d4 d5 3. Nc3 Bb4 4. e5 c5 5. a3 Bxc3+ 6. bxc3 Ne7 7. Qg4 O-O 8. Bd3
f5 9. exf6 Rxf6 10. Bg5 Rf7 11. Qh5 g6 12. Qe2 c4 13. Bxc4 dxc4 14. Qxc4 Qd5 15.
Qxd5 exd5 16. h4 Nbc6 17. h5 Bf5 18. O-O-O Na5 19. hxg6 Bxg6 20. Re1 Nec6 21. f4
Nc4 22. g4 Be4 23. Rh2 Nxa3 24. f5 Nc4 25. Nh3 a5 26. Nf2 a4 27. Nxe4 dxe4 28.
Rxe4 a3 29. Kb1 a2+ 30. Ka1 Nd6 31. Re6 Nxf5 32. Rhe2 Nfxd4 33. Re8+ Rf8 34.
Rxf8+ Kxf8 35. cxd4 Nxd4 36. Rf2+ Kg8 37. Bf6 Nc6 {Game drawn by mutual
agreement} 1/2-1/2

[Event "Team 45 45 League T95"]
[Site "Internet Chess Club"]
[Date "2023.02.02"]
[Round "4"]
[White "ChessMaine"]
[Black "jjmolina1"]
[Result "1/2-1/2"]
[WhiteElo "1445"]
[BlackElo "1474"]
[Opening "Queen's pawn: stonewall attack"]
[ECO "A45"]
[Time "05:08:55"]
[PlyCount "74"]
[TimeControl "2700+45"]

1. d4 Nf6 2. e3 d5 3. Bd3 e6 4. Nd2 c5 5. c3 Nc6 6. f4 Bd7 7. Ngf3 Ng4 8. Qe2
Rc8 9. O-O b6 10. Ne5 Ncxe5 11. fxe5 f5 12. exf6 Nxf6 13. Nf3 Be7 14. Ne5 O-O
15. Bd2 Bd6 16. Nxd7 Nxd7 17. Qh5 g6 18. Bxg6 Qe7 19. Bc2 Nf6 20. Qg5+ Kh8 21.
Rf3 Ne4 22. Qxe7 Bxe7 23. Bxe4 dxe4 24. Rxf8+ Rxf8 25. Rf1 Rxf1+ 26. Kxf1 Kg7
27. Be1 c4 28. b3 b5 29. Kf2 Bd6 30. h3 Kg6 31. g4 Be7 32. Kg2 Kg5 33. Bg3 Ba3
34. Be1 Bd6 35. Bg3 Ba3 36. Be1 Bd6 37. Bg3 Ba3 {Game drawn by repetition}
1/2-1/2

[Event "Team 45 45 League T95"]
[Site "Internet Chess Club"]
[Date "2023.02.06"]
[Round "4"]
[White "hipopotamos"]
[Black "LookImYourVader"]
[Result "1-0"]
[WhiteElo "1774"]
[BlackElo "1751"]
[Opening "Sicilian: closed"]
[ECO "B23"]
[Time "15:30:26"]
[PlyCount "63"]
[TimeControl "2700+45"]

1. e4 c5 2. Nc3 a6 3. Nf3 b5 4. g3 Bb7 5. d3 e6 6. Bg2 Be7 7. O-O d6 8. Ne1 Qc7
9. f4 Nf6 10. Qe2 O-O 11. e5 Nfd7 12. exd6 Bxd6 13. Ne4 Be7 14. c3 Nf6 15. Nc2
Nbd7 16. g4 c4 17. d4 Nxe4 18. Bxe4 Nf6 19. Bxb7 Qxb7 20. g5 Qe4 21. Ne3 Nd5 22.
Qf2 Nxe3 23. Bxe3 f6 24. Qg3 Rad8 25. Rae1 Bd6 26. Qh3 fxg5 27. fxg5 Qg6 28.
Rxf8+ Rxf8 29. Bd2 Rf5 30. Qg2 Qe8 31. Qe4 h6 32. Qxf5 {Black resigns} 1-0

[Event "Team 45 45 League T95"]
[Site "Internet Chess Club"]
[Date "2023.02.05"]
[Round "4"]
[White "qs16"]
[Black "walkover"]
[Result "1/2-1/2"]
[WhiteElo "1573"]
[BlackElo "1700"]
[Opening "Queen's pawn game"]
[ECO "A45"]
[Time "10:02:49"]
[PlyCount "178"]
[TimeControl "2700+45"]

1. d4 Nf6 2. Nd2 d5 3. e3 g6 4. Bd3 Bg7 5. f4 O-O 6. Ngf3 c5 7. c3 Bf5 8. Qc2
Bxd3 9. Qxd3 Qc7 10. O-O cxd4 11. cxd4 Nc6 12. a3 Rac8 13. b4 e6 14. Bb2 Ne7 15.
Rac1 Qd6 16. Ne5 Nd7 17. e4 f6 18. Nxd7 Qxd7 19. e5 f5 20. Nb3 b6 21. Nd2 Bh6
22. Nb3 Kh8 23. Qh3 Bg7 24. Qd3 Bh6 25. g3 g5 26. Rf2 gxf4 27. Rxc8 Rxc8 28.
gxf4 Rg8+ 29. Kf1 Ng6 30. Bc1 Qe7 31. Qh3 Nh4 32. Nd2 Rg4 33. Nf3 Bxf4 34. Bxf4
Rxf4 35. Nxh4 Rxh4 36. Qc3 Qd7 37. b5 Rg4 38. a4 Rg8 39. Rg2 Rc8 40. Qa3 Qc7 41.
Rd2 Qc1+ 42. Qxc1 Rxc1+ 43. Kf2 Ra1 44. Rc2 Rxa4 45. Rc6 Rxd4 46. Rxe6 Rb4 47.
Rf6 Rxb5 48. e6 Kg7 49. e7 Kxf6 50. e8=Q Rb2+ 51. Ke3 Rxh2 52. Qc6+ Kg5 53. Qxd5
Rh3+ 54. Kf2 Rh4 55. Qb7 Rf4+ 56. Kg3 Rg4+ 57. Kf3 Rf4+ 58. Ke3 Re4+ 59. Kd3 Ra4
60. Qxh7 b5 61. Qg7+ Kf4 62. Qh6+ Kg4 63. Qg6+ Kf4 64. Qd6+ Kg4 65. Qg6+ Kf4 66.
Qc6 a6 67. Qe8 Kg4 68. Qe2+ Kg5 69. Qe7+ Kg4 70. Qd7 Kg5 71. Qg7+ Kf4 72. Kc3
Ke4 73. Qg2+ Kf4 74. Kb3 Ke5 75. Qg7+ Ke4 76. Qe7+ Kf4 77. Qd6+ Ke4 78. Qe6+ Kf4
79. Kc3 Kg5 80. Qe5 Kg4 81. Qg7+ Kf4 82. Kd3 Kf3 83. Qb7+ Kf4 84. Qc7+ Kg4 85.
Qg7+ Kf4 86. Qh6+ Kg4 87. Qg6+ Kf4 88. Qd6+ Kg4 89. Qe6 Kg5 {Game drawn by
mutual agreement} 1/2-1/2

[Event "Team 45 45 League T95"]
[Site "Internet Chess Club"]
[Date "2023.02.02"]
[Round "4"]
[White "kabindra"]
[Black "Lawkeito"]
[Result "0-1"]
[WhiteElo "1657"]
[BlackElo "1663"]
[Opening "Sicilian: closed"]
[ECO "B23"]
[Time "18:31:40"]
[PlyCount "64"]
[TimeControl "2700+45"]

1. e4 c5 2. Nc3 e6 3. Bc4 Nc6 4. f4 Nge7 5. e5 d5 6. exd6 Qxd6 7. d3 a6 8. a4
Ng6 9. Ne4 Qc7 10. Ne2 Be7 11. O-O O-O 12. N2g3 Nd4 13. c3 Nf5 14. Nxf5 exf5 15.
Ng5 Bxg5 16. fxg5 Be6 17. Bb3 Rad8 18. Bc2 Qd7 19. Be3 b6 20. c4 Ne5 21. h3 Nxd3
22. b3 g6 23. Qe2 Nb4 24. Rad1 Qe7 25. Bb1 Rfe8 26. Qf2 Nc6 27. Qh4 h5 28. Rde1
Nd4 29. Bf4 Qb7 30. Be5 Nxb3 31. Bf6 Rd2 32. Bxf5 Qxg2# {White checkmated} 0-1

[Event "Team 45 45 League T95"]
[Site "Internet Chess Club"]
[Date "2023.02.05"]
[Round "4"]
[White "laurenpar"]
[Black "MichaelIC"]
[Result "1/2-1/2"]
[WhiteElo "1920"]
[BlackElo "2053"]
[Opening "Nimzovich-Larsen attack: modern variation"]
[ECO "A01"]
[Time "09:01:16"]
[PlyCount "94"]
[TimeControl "2700+45"]

1. b3 e5 2. Bb2 Nc6 3. e3 g6 4. Nf3 Bg7 5. d4 d6 6. dxe5 Nge7 7. Qc1 dxe5 8. Be2
O-O 9. O-O h6 10. Rd1 Qe8 11. c4 Be6 12. Nc3 f5 13. Nd5 Rc8 14. Bc3 g5 15. Qb2
Ng6 16. b4 g4 17. Ne1 Qf7 18. Nd3 f4 19. exf4 exf4 20. Bxg7 Qxg7 21. Qxg7+ Kxg7
22. Nc5 Bf5 23. a3 b6 24. Nd3 Be6 25. Rac1 Nd4 26. Bf1 c6 27. Nc3 Bxc4 28. Nxf4
Rxf4 29. Bxc4 Nf3+ 30. gxf3 Rxc4 31. Rd7+ Kg8 32. fxg4 Ne5 33. Rxa7 c5 34. b5
Rxg4+ 35. Kf1 Nf3 36. Ke2 Nd4+ 37. Kf1 Rf8 38. Nd5 Nf3 39. Ke2 Nd4+ 40. Kf1 Nxb5
41. Rb7 Rg5 42. Rxb6 Rxd5 43. Rxb5 Rd2 44. Rbxc5 Rfxf2+ 45. Kg1 Rg2+ 46. Kf1
Rgf2+ 47. Kg1 Rg2+ {Game drawn by mutual agreement} 1/2-1/2

[Event "Team 45 45 League T95"]
[Site "Internet Chess Club"]
[Date "2023.02.03"]
[Round "4"]
[White "Tufnell"]
[Black "martineden"]
[Result "1-0"]
[WhiteElo "1933"]
[BlackElo "1826"]
[Opening "Pirc: Austrian attack, dragon formation"]
[ECO "B09"]
[Time "10:16:37"]
[PlyCount "57"]
[TimeControl "2700+45"]

1. e4 d6 2. d4 Nf6 3. Nc3 g6 4. f4 Bg7 5. Nf3 c5 6. Bb5+ Bd7 7. e5 Ng4 8. h3
cxd4 9. Qxd4 Nh6 10. g4 Bxb5 11. Nxb5 Nc6 12. Qe4 Qa5+ 13. Nc3 dxe5 14. fxe5
O-O-O 15. Bd2 Ng8 16. O-O-O Nxe5 17. Nxe5 Bxe5 18. Qc4+ Qc7 19. Qxf7 Nf6 20. Kb1
Kb8 21. Rhe1 Rd7 22. g5 Nh5 23. Nd5 Qc6 24. Rxe5 e6 25. Qxe6 Qxe6 26. Rxe6 Rxd5
27. Kc1 Rhd8 28. Ree1 Ng3 29. Bf4+ {Black resigns} 1-0

[Event "Team 45 45 League T95"]
[Site "Internet Chess Club"]
[Date "2023.02.05"]
[Round "4"]
[White "fishhead"]
[Black "KidRattler"]
[Result "1-0"]
[WhiteElo "1725"]
[BlackElo "1715"]
[Opening "Scandinavian (center counter) defense"]
[ECO "B01"]
[Time "14:18:43"]
[PlyCount "135"]
[TimeControl "2700+45"]

1. e4 d5 2. exd5 Qxd5 3. Nc3 Qd8 4. d4 Nf6 5. Bc4 a6 6. Nge2 b5 7. Bb3 c5 8.
dxc5 Qxd1+ 9. Nxd1 Bb7 10. f3 e6 11. Be3 Nbd7 12. c6 Bxc6 13. Nd4 Bb7 14. c3 Nc5
15. Bc2 Bd6 16. Nf2 O-O 17. Rd1 Nd5 18. Bc1 Bf4 19. Bxf4 Nxf4 20. g3 Nd5 21. Ke2
e5 22. Nf5 Rad8 23. Ne4 Nxe4 24. Bxe4 Rfe8 25. Ne3 Nxe3 26. Rxd8 Rxd8 27. Bxb7
Nc4 28. Rd1 Rxd1 29. Kxd1 Nxb2+ 30. Kc2 Nc4 31. Bxa6 Nd6 32. Kb3 f5 33. c4 bxc4+
34. Bxc4+ Kf8 35. Bd5 Ke7 36. Kb4 g5 37. a4 Nc8 38. Kc5 h5 39. Kc6 Kd8 40. Be6
g4 41. fxg4 hxg4 42. Kd5 e4 43. Kd4 Nd6 44. a5 Ke7 45. Bxf5 Nxf5+ 46. Kxe4 Nh6
47. a6 Nf7 48. a7 Nd6+ 49. Kf4 Kf7 50. a8=Q Kg7 51. Kxg4 Nf7 52. Qb7 Kh6 53.
Qc6+ Kh7 54. Qd7 Kh6 55. Qe6+ Kg7 56. Qxf7+ Kxf7 57. Kg5 Kg7 58. g4 Kh7 59. Kf6
Kg8 60. Kg6 Kh8 61. Kf7 Kh7 62. g5 Kh8 63. h4 Kh7 64. g6+ Kh6 65. g7 Kh7 66.
g8=Q+ Kh6 67. Qg5+ Kh7 68. Qh5# {Black checkmated} 1-0

[Event "Team 45 45 League T95"]
[Site "Internet Chess Club"]
[Date "2023.02.05"]
[Round "4"]
[White "fireball"]
[Black "Portola"]
[Result "0-1"]
[WhiteElo "1520"]
[BlackElo "1775"]
[Opening "French: Rubinstein variation"]
[ECO "C10"]
[Time "10:00:36"]
[PlyCount "64"]
[TimeControl "2700+45"]

1. e4 e6 2. d4 d5 3. Nc3 dxe4 4. Nxe4 Be7 5. Nf3 Nd7 6. Bd3 Ngf6 7. Qe2 O-O 8.
Bd2 b6 9. O-O-O Bb7 10. Nxf6+ Bxf6 11. c3 c5 12. dxc5 Nxc5 13. Bc2 Qc7 14. Be3
Rad8 15. Rhg1 Rxd1+ 16. Qxd1 Rd8 17. Qe1 Bd5 18. Kb1 Bc4 19. g4 Nd3 20. Bxd3
Bxd3+ 21. Ka1 g6 22. g5 Bg7 23. h4 Qb7 24. Nd2 a5 25. f4 a4 26. Qf2 a3 27. Bd4
axb2+ 28. Kxb2 Bxd4 29. cxd4 Rc8 30. Ka1 Rc2 31. Rb1 Qc6 32. Qe1 Qc3+ {White
resigns} 0-1

[Event "Team 45 45 League T95"]
[Site "Internet Chess Club"]
[Date "2023.02.07"]
[Round "4"]
[White "janh"]
[Black "Alec-hine"]
[Result "0-1"]
[WhiteElo "1944"]
[BlackElo "1853"]
[Opening "French: advance, Milner-Barry gambit"]
[ECO "C02"]
[Time "13:13:43"]
[PlyCount "64"]
[TimeControl "2700+45"]

1. e4 e6 2. d4 d5 3. e5 c5 4. c3 Nc6 5. Nf3 Qb6 6. Bd3 cxd4 7. O-O Bd7 8. Re1
Nge7 9. h4 a6 10. a3 Rc8 11. Bc2 h6 12. cxd4 Nf5 13. Bxf5 exf5 14. Nc3 Be6 15.
Qd3 Na5 16. b4 Nc4 17. Na4 Qc6 18. Nc5 b6 19. Nxa6 Qb5 20. Nc5 bxc5 21. dxc5
Bxc5 22. bxc5 Qxc5 23. Nd4 O-O 24. Nxf5 Bxf5 25. Qxf5 d4 26. Bxh6 gxh6 27. Re4
Rc6 28. Rd1 Rg6 29. Rdxd4 Nd6 30. Rxd6 Rxd6 31. Rg4+ Kh8 32. h5 Re6 {White
resigns} 0-1

[Event "Team 45 45 League T95"]
[Site "Internet Chess Club"]
[Date "2023.02.04"]
[Round "4"]
[White "timcent"]
[Black "BuddyT"]
[Result "1-0"]
[WhiteElo "1876"]
[BlackElo "1712"]
[Opening "Nimzo-Indian: Sämisch, Romanovsky variation"]
[ECO "E25"]
[Time "11:00:38"]
[PlyCount "63"]
[TimeControl "2700+45"]

1. d4 Nf6 2. c4 e6 3. Nc3 Bb4 4. f3 d5 5. a3 Bxc3+ 6. bxc3 c5 7. cxd5 Nxd5 8.
dxc5 f5 9. Nh3 Qf6 10. Qd4 Nxc3 11. Qxf6 gxf6 12. Bb2 Nd5 13. e4 fxe4 14. fxe4
Ne3 15. Bxf6 O-O 16. Ke2 Nc2 17. Ra2 Rxf6 18. Rxc2 Nc6 19. Ke3 e5 20. Ng5 Nd4
21. Rc3 Bg4 22. Bc4+ Kg7 23. Rf1 Rxf1 24. Bxf1 Rf8 25. Bc4 h6 26. h3 hxg5 27.
hxg4 Rf4 28. Bd5 Rxg4 29. Kf2 Rf4+ 30. Ke1 Rf8 31. Bxb7 Rb8 32. c6 {Black
resigns} 1-0

[Event "Team 45 45 League T95"]
[Site "Internet Chess Club"]
[Date "2023.02.03"]
[Round "4"]
[White "LookImYourVader"]
[Black "mnpaulson"]
[Result "1-0"]
[WhiteElo "1768"]
[BlackElo "1490"]
[Opening "Bishop's opening: Berlin defense"]
[ECO "C24"]
[Time "15:34:02"]
[PlyCount "41"]
[TimeControl "2700+45"]

1. e4 e5 2. Bc4 Nf6 3. d3 Bc5 4. Nf3 d6 5. O-O Bg4 6. Nbd2 a6 7. c3 Nc6 8. Re1
O-O 9. Nf1 h6 10. Be3 Ba7 11. Bb3 Qd7 12. Bxa7 Nxa7 13. Ne3 Be6 14. Nh4 Rad8 15.
Qf3 c6 16. Nhf5 Nc8 17. Qg3 Ne8 18. Nxh6+ Kh7 19. Nhf5 Rh8 20. Bxe6 Qxe6 21.
Qh4+ {Black resigns} 1-0

[Event "Team 45 45 League T95"]
[Site "Internet Chess Club"]
[Date "2023.02.04"]
[Round "4"]
[White "DaveTheRook"]
[Black "julesraider"]
[Result "1/2-1/2"]
[WhiteElo "1414"]
[BlackElo "1623"]
[Opening "Benoni defense"]
[ECO "A60"]
[Time "14:31:39"]
[PlyCount "173"]
[TimeControl "2700+45"]

1. d4 Nf6 2. c4 c5 3. d5 e6 4. dxe6 fxe6 5. Nc3 d5 6. Bg5 Be7 7. cxd5 exd5 8. e3
O-O 9. Nf3 Bg4 10. Be2 Nc6 11. O-O d4 12. exd4 Bxf3 13. Bxf3 Nxd4 14. Bxf6 Nxf3+
15. Qxf3 Bxf6 16. Qd5+ Qxd5 17. Nxd5 Bd4 18. Ne3 b6 19. Rab1 Rae8 20. Nc2 Re2
21. Nxd4 cxd4 22. f3 d3 23. Rf2 Rd8 24. Rxe2 dxe2 25. Re1 Rd2 26. Kf2 Rxb2 27.
Rxe2 Rb5 28. Kg3 Kf7 29. Kf2 Ra5 30. g3 b5 31. f4 Ra3 32. Ke1 a5 33. Kd1 b4 34.
Ke1 h5 35. Kf2 Kf6 36. Kg2 a4 37. Kh3 g6 38. Kh4 b3 39. axb3 Rxb3 40. Re5 a3 41.
Ra5 Re3 42. Kh3 Rf3 43. Kg2 Rb3 44. Kh3 Kg7 45. Kh4 Kh6 46. Ra6 Rb2 47. Kh3 a2
48. Ra5 Rf2 49. Ra6 Kg7 50. Ra7+ Kf6 51. Ra5 Ke6 52. Kh4 Rxh2+ 53. Kg5 Rg2 54.
Kxg6 Rxg3+ 55. Kxh5 Rg2 56. f5+ Kf6 57. Kh4 Ke7 58. Ra6 Kf7 59. Kh3 Rf2 60. Kg3
Rc2 61. Kf4 Ke7 62. Kg4 Kf7 63. Kf4 Rb2 64. Kg5 Rc2 65. Kf4 Rf2+ 66. Ke4 Ke7 67.
Ke5 Re2+ 68. Kf4 Rc2 69. Kg5 Kf7 70. Kf4 Rc4+ 71. Kg5 Rc2 72. Kf4 Ke7 73. Kg5
Rf2 74. Kg4 Kd7 75. Kg5 Kc7 76. Kf6 Kb7 77. Ra3 Kb6 78. Kg6 Rg2+ 79. Kf7 Kb5 80.
f6 Kb4 81. Ra8 Rc2 82. Ke7 Re2+ 83. Kf8 Rc2 84. Kg7 Rg2+ 85. Kf8 Rd2 86. Ke7
Re2+ 87. Kf8 {Game drawn by mutual agreement} 1/2-1/2

[Event "Team 45 45 League T95"]
[Site "Internet Chess Club"]
[Date "2023.02.05"]
[Round "4"]
[White "hewdondada"]
[Black "jonesey"]
[Result "0-1"]
[WhiteElo "1605"]
[BlackElo "1899"]
[Opening "Philidor: Improved Hanham variation"]
[ECO "B07"]
[Time "16:00:46"]
[PlyCount "152"]
[TimeControl "2700+45"]

1. d4 d6 2. e4 Nd7 3. Nc3 e5 4. Nf3 Ngf6 5. Bg5 Be7 6. Bc4 O-O 7. O-O c6 8. dxe5
Nxe5 9. Nxe5 dxe5 10. Qxd8 Rxd8 11. Rad1 Kf8 12. a3 Bd7 13. Rd2 Be8 14. Rfd1
Rxd2 15. Rxd2 Rd8 16. Rxd8 Bxd8 17. f3 Be7 18. Be3 b5 19. Be2 a5 20. Bb6 b4 21.
axb4 axb4 22. Na4 Nd7 23. Bc7 f6 24. b3 Nc5 25. Nb2 Nb7 26. Ba6 Nc5 27. Bc4 Nb7
28. Ba6 Nd8 29. Bc4 Bd7 30. Kf1 Ke8 31. Nd3 Nb7 32. Ba6 Bc8 33. Ke2 Kd7 34. Bb6
Bd6 35. Bxb7 Bxb7 36. Nc5+ Kc8 37. Nxb7 Kxb7 38. Be3 Ka6 39. Kd3 Kb5 40. h4 Bc5
41. Bd2 h5 42. g4 g6 43. g5 Be7 44. f4 exf4 45. Bxf4 fxg5 46. hxg5 Kc5 47. c4
bxc3 48. Kxc3 Bd6 49. Be3+ Kb5 50. Bf2 Bf4 51. Bh4 c5 52. Kd3 Kb4 53. Kc2 c4 54.
Be1+ Kb5 55. Bh4 Be5 56. Bf2 Kb4 57. Be1+ Kb5 58. Bf2 c3 59. Kd3 Kb4 60. Kc2 Bf4
61. Bh4 Bd2 62. e5 Kc5 63. b4+ Kd5 64. Bg3 Bxg5 65. Kxc3 Bd8 66. Kb3 h4 67. Bh2
g5 68. Ka4 g4 69. Bf4 Bb6 70. Kb5 Bd4 71. Ka6 g3 72. b5 g2 73. Bh2 g1=Q 74. Bxg1
Bxg1 75. b6 Bxb6 76. Kxb6 h3 {White resigns} 0-1

[Event "Team 45 45 League T95"]
[Site "Internet Chess Club"]
[Date "2023.02.06"]
[Round "4"]
[White "ghowell"]
[Black "WillC"]
[Result "1-0"]
[WhiteElo "1616"]
[BlackElo "1559"]
[Opening "Caro-Kann: classical variation"]
[ECO "B18"]
[Time "18:07:39"]
[PlyCount "123"]
[TimeControl "2700+45"]

1. e4 c6 2. d4 d5 3. Nc3 dxe4 4. Nxe4 Bf5 5. Ng3 Bg6 6. Nf3 Nf6 7. Bc4 e6 8. O-O
Be7 9. Re1 O-O 10. Nh4 Nd5 11. Nxg6 hxg6 12. c3 Nd7 13. Ne4 N7f6 14. Ng5 Nh5 15.
Nf3 c5 16. Qb3 cxd4 17. Bxd5 exd5 18. Qxb7 Re8 19. Nxd4 Bc5 20. Rxe8+ Qxe8 21.
Be3 Rb8 22. Qxd5 Bxd4 23. Qxd4 Rxb2 24. Qxa7 Qc6 25. Qc5 Qe4 26. Qa3 Qc2 27. Rc1
Qe2 28. Qa8+ Kh7 29. Qd5 Rxa2 30. Qxf7 Rc2 31. Ra1 Rxc3 32. g3 Rd3 33. Qa7 Qg4
34. Qa4 Qf5 35. g4 Qf3 36. gxh5 Rxe3 37. hxg6+ Kxg6 38. fxe3 Qxe3+ 39. Kf1 Qf3+
40. Ke1 Qh1+ 41. Kd2 Qxh2+ 42. Kc3 Qg3+ 43. Kb2 Qe5+ 44. Ka2 Qe2+ 45. Ka3 Qe7+
46. Qb4 Qe3+ 47. Qb3 Qe7+ 48. Kb2 Qe5+ 49. Qc3 Qb5+ 50. Kc2 Qe2+ 51. Qd2 Qc4+
52. Qc3 Qe2+ 53. Qd2 Qc4+ 54. Kd1 Qf1+ 55. Qe1 Qd3+ 56. Kc1 Qc4+ 57. Kd2 Qd4+
58. Ke2 Qe4+ 59. Kf2 Qf4+ 60. Kg2 Qd4 61. Qg3+ Kf7 62. Qf2+ {Black resigns} 1-0

[Event "Team 45 45 League T95"]
[Site "Internet Chess Club"]
[Date "2023.02.05"]
[Round "4"]
[White "evan7284"]
[Black "keithuws1"]
[Result "1-0"]
[WhiteElo "1556"]
[BlackElo "1297"]
[Opening "Queen's pawn: London system"]
[ECO "A45"]
[Time "09:00:41"]
[PlyCount "91"]
[TimeControl "2700+45"]

1. d4 Nf6 2. Bf4 Nh5 3. Bd2 g6 4. e4 d6 5. Be2 Nf6 6. Nc3 Bg7 7. Bg5 c6 8. Qd2
Be6 9. O-O-O O-O 10. Bh6 b5 11. Bxg7 Kxg7 12. Qe3 b4 13. Na4 Qa5 14. b3 Nbd7 15.
h4 Nb6 16. h5 Nxa4 17. bxa4 Qxa4 18. hxg6 Qa3+ 19. Qxa3 bxa3 20. e5 Ne4 21. Bd3
Bf5 22. Bxe4 Bxe4 23. Rxh7+ Kxg6 24. Rh3 Rg8 25. Rxa3 Bxg2 26. Ne2 Kf5 27. Ng3+
Kg4 28. exd6 exd6 29. Re1 Bd5 30. Ne4 Bxe4 31. Rxe4+ Kf5 32. Re7 Rg1+ 33. Kd2
Kg6 34. Raxa7 Rxa7 35. Rxa7 Ra1 36. Ra6 Kf5 37. Rxc6 Ke6 38. Ra6 Kd5 39. c3 f5
40. Ke3 Rc1 41. Ra5+ Ke6 42. Ra3 Rc2 43. f3 Kd5 44. Kf4 Ke6 45. d5+ Kxd5 46.
Kxf5 {Black resigns} 1-0

[Event "Team 45 45 League T95"]
[Site "Internet Chess Club"]
[Date "2023.02.05"]
[Round "4"]
[White "natalieH"]
[Black "BrerRabbit"]
[Result "1-0"]
[WhiteElo "1115"]
[BlackElo "1311"]
[Opening "Bird's opening"]
[ECO "A03"]
[Time "19:03:06"]
[PlyCount "49"]
[TimeControl "2700+45"]

1. f4 d5 2. Nf3 Nf6 3. e3 c6 4. d4 Bg4 5. Be2 Nbd7 6. O-O Ne4 7. Ne5 Bxe2 8.
Qxe2 Ndf6 9. Nc3 e6 10. f5 exf5 11. Rxf5 Bd6 12. Nxe4 dxe4 13. Qc4 O-O 14. Bd2
Qc7 15. Bb4 Bxb4 16. Qxb4 Nd5 17. Qd2 Rae8 18. Rf2 b5 19. c4 bxc4 20. Nxc4 Rd8
21. Qc2 f5 22. Ne5 Nxe3 23. Qxc6 Qxc6 24. Nxc6 Rf7 25. Nxd8 {Black resigns} 1-0

[Event "Team 45 45 League T95"]
[Site "Internet Chess Club"]
[Date "2023.02.05"]
[Round "4"]
[White "clarinetref"]
[Black "ARMAND02019"]
[Result "0-1"]
[WhiteElo "1479"]
[BlackElo "1582"]
[Opening "Sicilian: closed, Korchnoi variation"]
[ECO "B23"]
[Time "20:07:06"]
[PlyCount "60"]
[TimeControl "2700+45"]

1. e4 c5 2. Nc3 e6 3. g3 d5 4. exd5 exd5 5. Bg2 d4 6. Nb1 Nf6 7. d3 Be7 8. Ne2
O-O 9. O-O Qc7 10. Bf4 Qb6 11. Qc1 Bg4 12. f3 Be6 13. c3 Nc6 14. Kh1 Rac8 15.
Qd2 Nd5 16. c4 Nxf4 17. Nxf4 Bg5 18. b3 Bf5 19. Rd1 Ne5 20. h4 Bxf4 21. gxf4
Nxd3 22. Bf1 Nb4 23. a3 Nc6 24. Bd3 Bxd3 25. Qxd3 Rfe8 26. Nd2 Re3 27. Qc2 Qd8
28. Kg2 Qxh4 29. Rh1 Re2+ 30. Kg1 Qf2# {White checkmated} 0-1

[Event "Team 45 45 League T95"]
[Site "Internet Chess Club"]
[Date "2023.02.04"]
[Round "4"]
[White "jfkingiii"]
[Black "Electryon"]
[Result "1-0"]
[WhiteElo "1520"]
[BlackElo "1489"]
[Opening "Sicilian: Alapin's variation (2.c3)"]
[ECO "B22"]
[Time "16:01:02"]
[PlyCount "75"]
[TimeControl "2700+45"]

1. e4 c5 2. c3 e5 3. Nf3 Nc6 4. Bc4 Nf6 5. Ng5 d5 6. exd5 Nxd5 7. Qh5 g6 8. Qf3
Qxg5 9. Bxd5 Be6 10. Bxc6+ Bd7 11. Bxd7+ Kxd7 12. O-O Kc7 13. d4 Qe7 14. dxe5
Bg7 15. Re1 Rad8 16. Na3 Kb8 17. Bf4 Qe6 18. c4 h6 19. h3 g5 20. Bg3 h5 21. Rad1
g4 22. Qb3 gxh3 23. gxh3 h4 24. Bh2 Ka8 25. Qf3 Rxd1 26. Rxd1 Bxe5 27. Bxe5 Qxe5
28. Qd3 Qg5+ 29. Kf1 Rg8 30. Qc3 Qg2+ 31. Ke2 Re8+ 32. Kd2 Qxf2+ 33. Kc1 Qf4+
34. Qd2 Qf6 35. Nb5 Qc6 36. Qd8+ Qc8 37. Nc7+ Kb8 38. Nxe8 {Black resigns} 1-0

[Event "Team 45 45 League T95"]
[Site "Internet Chess Club"]
[Date "2023.02.05"]
[Round "4"]
[White "DaveTheRook"]
[Black "kabindra"]
[Result "1/2-1/2"]
[WhiteElo "1424"]
[BlackElo "1650"]
[Opening "Queen's gambit accepted"]
[ECO "D20"]
[Time "13:00:36"]
[PlyCount "35"]
[TimeControl "2700+45"]

1. d4 d5 2. c4 dxc4 3. Nc3 e5 4. Nf3 exd4 5. Qxd4 Qxd4 6. Nxd4 Bc5 7. e3 Bxd4 8.
exd4 Nf6 9. Bxc4 O-O 10. O-O Nc6 11. Be3 a6 12. Rac1 Bf5 13. Nd5 Nxd5 14. Bxd5
Bd7 15. a3 Rab8 16. Rfd1 h6 17. Bf4 Rfc8 18. h3 {Game drawn by mutual agreement}
1/2-1/2

[Event "Team 45 45 League T95"]
[Site "Internet Chess Club"]
[Date "2023.02.06"]
[Round "4"]
[White "jjmolina1"]
[Black "herrahuu"]
[Result "1-0"]
[WhiteElo "1526"]
[BlackElo "1474"]
[Opening "Sicilian: dragon variation"]
[ECO "B70"]
[Time "10:04:06"]
[PlyCount "85"]
[TimeControl "2700+45"]

1. e4 c5 2. Nf3 d6 3. d4 cxd4 4. Nxd4 Nf6 5. Nc3 g6 6. Bd3 Bg7 7. O-O O-O 8. Nf3
Nc6 9. a3 d5 10. exd5 Nxd5 11. Nxd5 Qxd5 12. Qe1 e5 13. Nd2 a6 14. Be4 Qd7 15.
Nc4 Qd4 16. Bxc6 Qxc4 17. Be4 f5 18. Bd3 Qc6 19. c3 b5 20. f3 Bb7 21. Be3 e4 22.
fxe4 fxe4 23. Rxf8+ Rxf8 24. Bc2 a5 25. Rd1 b4 26. Bb3+ Kh8 27. Bd5 Qc7 28. Bxb7
Qxb7 29. axb4 axb4 30. Bc5 Re8 31. cxb4 Bxb2 32. Qh4 Bg7 33. Rd8 Qc6 34. Rxe8+
Qxe8 35. Qe7 Qxe7 36. Bxe7 Bd4+ 37. Kf1 e3 38. Ke2 Kg7 39. Bc5 Bxc5 40. bxc5 Kf6
41. Kxe3 Ke6 42. Ke4 Kd7 43. Kd5 {Black resigns} 1-0